[ AOE2 MATCH · #505419554 ]
UnrankedMagyars vs Tatars
Player's team · WIN
Rival team · LOSS
[ REPLAY ANALYSIS · EXTRACTED FROM THE RECORDED GAME ]
Feudal
10:55
Castle
30:38
Imperial
—
| APM avg | 54.1 |
| APM peak | 93 |
| eAPM avg | 27.9 |
| Villagers / military | 77 / 91 |
Focus
⚔️ 41.8% · 🌾 58.2%
Scout Cavalry ×88 · Militia ×3
Feudal
12:35
Castle
17:18
Imperial
—
| APM avg | 47.6 |
| APM peak | 96 |
| eAPM avg | 24.3 |
| Villagers / military | 39 / 56 |
Focus
⚔️ 61.7% · 🌾 38.3%
Archer ×47 · Spearman ×6 · Militia ×3
Match map
Initial resources + every placement click. Lines = walls · curves = elevation contours. ◆ gold · ⬟ stone · ● berries · ✦ relic · ◌ wall gap
Your base· ✓ Closed at 30:38 · 54t walls · 1 gate(s)
Fakedos's base· Open — opponent sealed themselves in
Smoothed initial terrain · ◌ = detected wall gap · hover for details
Inputs per minute
— [DGLOS] DyouDi - - Fakedos
Build order — [DGLOS] DyouDi
First 150 of 289 actions detected
| 0:00 | Create | Villager (Male) |
| 0:00 | Create | Villager (Male) |
| 0:01 | Build | House |
| 0:02 | Build | House |
| 0:05 | Create | Villager (Male) |
| 0:05 | Create | Villager (Male) |
| 0:05 | Create | Villager (Male) |
| 1:25 | Create | Villager (Male) |
| 1:59 | Create | Villager (Male) |
| 2:03 | Create | Villager (Male) |
| 2:11 | Build | Lumber Camp |
| 2:50 | Create | Villager (Male) |
| 2:51 | Create | Villager (Male) |
| 3:27 | Build | House |
| 3:27 | Build | House |
| 3:30 | Build | House |
| 3:41 | Create | Villager (Male) |
| 3:41 | Create | Villager (Male) |
| 3:43 | Create | Villager (Male) |
| 3:43 | Create | Villager (Male) |
| 4:16 | Create | Villager (Male) |
| 5:19 | Create | Villager (Male) |
| 5:20 | Create | Villager (Male) |
| 5:21 | Build | Barracks |
| 5:28 | Create | Villager (Male) |
| 5:29 | Create | Villager (Male) |
| 5:55 | Create | Villager (Male) |
| 6:06 | Build | House |
| 6:16 | Create | Militia |
| 6:17 | Create | Militia |
| 6:27 | Create | Militia |
| 6:44 | Build | Mill |
| 7:25 | Create | Villager (Male) |
| 7:45 | Research | Loom |
| 8:08 | Create | Villager (Male) |
| 8:15 | Build | Palisade Wall |
| 8:26 | Build | Palisade Wall |
| 8:42 | Research | Feudal Age |
| 9:41 | Build | Farm |
| 9:55 | Create | Villager (Male) |
| 10:10 | Build | Palisade Wall |
| 10:21 | Build | Farm |
| 10:21 | Build | Farm |
| 10:35 | Build | Farm |
| 10:38 | Build | Farm |
| 10:41 | Build | Farm |
| 10:50 | Build | House |
| 10:55 | Build | House |
| 10:55 | Age | Feudal Age |
| 10:56 | Build | House |
| 10:59 | Build | Stable |
| 11:00 | Research | Double-Bit Axe |
| 11:00 | Research | Double-Bit Axe |
| 11:00 | Research | Horse Collar |
| 11:09 | Create | Villager (Male) |
| 11:22 | Build | Farm |
| 11:32 | Build | Palisade Wall |
| 11:38 | Create | Villager (Male) |
| 11:43 | Build | Farm |
| 11:46 | Build | Farm |
| 12:01 | Build | Farm |
| 12:02 | Build | Farm |
| 12:03 | Create | Scout Cavalry |
| 12:03 | Create | Scout Cavalry |
| 12:17 | Create | Villager (Male) |
| 12:17 | Create | Villager (Male) |
| 12:32 | Create | Villager (Male) |
| 12:34 | Build | Farm |
| 12:35 | Build | Farm |
| 12:56 | Create | Scout Cavalry |
| 12:57 | Create | Villager (Male) |
| 12:58 | Create | Villager (Male) |
| 12:59 | Build | Farm |
| 13:00 | Build | Farm |
| 13:15 | Create | Villager (Male) |
| 13:19 | Build | House |
| 13:25 | Create | Villager (Male) |
| 13:28 | Build | Farm |
| 13:30 | Create | Scout Cavalry |
| 13:30 | Create | Scout Cavalry |
| 13:49 | Create | Scout Cavalry |
| 13:50 | Create | Villager (Male) |
| 13:55 | Build | Farm |
| 14:11 | Create | Villager (Male) |
| 14:12 | Create | Scout Cavalry |
| 14:25 | Create | Scout Cavalry |
| 14:30 | Build | Farm |
| 14:32 | Build | Farm |
| 14:35 | Create | Villager (Male) |
| 14:43 | Create | Scout Cavalry |
| 14:47 | Build | House |
| 14:47 | Build | House |
| 14:51 | Build | Palisade Wall |
| 14:53 | Build | Palisade Wall |
| 14:54 | Create | Villager (Male) |
| 15:04 | Create | Villager (Male) |
| 15:06 | Build | House |
| 15:08 | Build | Palisade Wall |
| 15:10 | Build | Palisade Wall |
| 15:13 | Create | Villager (Male) |
| 15:23 | Create | Villager (Male) |
| 15:36 | Create | Scout Cavalry |
| 15:37 | Create | Villager (Male) |
| 15:37 | Create | Villager (Male) |
| 15:49 | Create | Scout Cavalry |
| 15:54 | Build | House |
| 15:56 | Build | Palisade Wall |
| 16:01 | Create | Scout Cavalry |
| 16:05 | Create | Villager (Male) |
| 16:08 | Build | Palisade Wall |
| 16:16 | Build | House |
| 16:18 | Build | Palisade Wall |
| 16:26 | Create | Scout Cavalry |
| 16:29 | Create | Villager (Male) |
| 16:32 | Create | Villager (Male) |
| 16:36 | Build | Blacksmith |
| 16:44 | Create | Scout Cavalry |
| 16:48 | Create | Villager (Male) |
| 16:51 | Build | Mining Camp |
| 17:05 | Create | Scout Cavalry |
| 17:15 | Create | Scout Cavalry |
| 17:15 | Create | Villager (Male) |
| 17:23 | Create | Villager (Male) |
| 17:45 | Build | Market |
| 17:53 | Create | Villager (Male) |
| 18:05 | Research | Scale Barding Armor |
| 18:10 | Create | Scout Cavalry |
| 18:11 | Create | Villager (Male) |
| 18:19 | Create | Scout Cavalry |
| 18:30 | Build | Stable |
| 18:38 | Research | Bloodlines |
| 18:42 | Create | Villager (Male) |
| 18:51 | Create | Scout Cavalry |
| 19:00 | Create | Scout Cavalry |
| 19:02 | Create | Scout Cavalry |
| 19:02 | Create | Villager (Male) |
| 19:05 | Build | Lumber Camp |
| 19:23 | Create | Scout Cavalry |
| 19:23 | Create | Scout Cavalry |
| 19:25 | Create | Villager (Male) |
| 19:44 | Build | House |
| 19:47 | Create | Scout Cavalry |
| 19:50 | Create | Scout Cavalry |
| 19:50 | Create | Scout Cavalry |
| 20:05 | Create | Scout Cavalry |
| 20:15 | Create | Villager (Male) |
| 20:21 | Create | Scout Cavalry |
| 20:32 | Build | Farm |
| 20:32 | Build | Farm |
| 20:32 | Build | Farm |
Build order — Fakedos
First 150 of 172 actions detected
| 0:00 | Create | Villager (Male) |
| 0:00 | Create | Villager (Male) |
| 0:02 | Build | House |
| 0:02 | Build | House |
| 0:05 | Create | Villager (Male) |
| 0:06 | Create | Villager (Male) |
| 1:23 | Create | Villager (Male) |
| 1:45 | Create | Villager (Male) |
| 1:58 | Build | Lumber Camp |
| 2:18 | Create | Villager (Male) |
| 2:43 | Create | Villager (Male) |
| 2:58 | Create | Villager (Male) |
| 3:32 | Create | Villager (Male) |
| 3:49 | Build | House |
| 3:52 | Create | Villager (Male) |
| 4:28 | Create | Villager (Male) |
| 4:46 | Build | Barracks |
| 4:53 | Create | Villager (Male) |
| 5:08 | Build | House |
| 5:14 | Create | Villager (Male) |
| 5:36 | Build | House |
| 5:39 | Create | Militia |
| 5:40 | Create | Militia |
| 5:43 | Create | Villager (Male) |
| 5:58 | Create | Militia |
| 6:03 | Create | Villager (Male) |
| 6:13 | Build | House |
| 6:20 | Create | Villager (Male) |
| 6:45 | Create | Villager (Male) |
| 6:58 | Create | Villager (Male) |
| 7:02 | Build | Mill |
| 7:22 | Build | House |
| 7:29 | Create | Villager (Male) |
| 7:39 | Create | Villager (Male) |
| 7:39 | Create | Villager (Male) |
| 7:39 | Create | Villager (Male) |
| 7:59 | Create | Villager (Male) |
| 8:32 | Build | Farm |
| 8:32 | Build | Farm |
| 8:41 | Build | House |
| 8:56 | Research | Loom |
| 9:11 | Build | Palisade Wall |
| 9:15 | Build | Palisade Wall |
| 9:17 | Build | Palisade Wall |
| 9:19 | Build | Palisade Wall |
| 9:21 | Build | Palisade Wall |
| 9:24 | Build | Palisade Wall |
| 9:25 | Build | Palisade Wall |
| 10:00 | Research | Feudal Age |
| 10:53 | Build | Mining Camp |
| 10:55 | Build | Palisade Wall |
| 11:06 | Build | Palisade Wall |
| 11:07 | Build | Palisade Wall |
| 11:08 | Build | Palisade Wall |
| 11:08 | Build | Palisade Wall |
| 11:09 | Build | Palisade Wall |
| 11:56 | Create | Villager (Male) |
| 11:56 | Create | Villager (Male) |
| 12:35 | Age | Feudal Age |
| 13:01 | Build | Archery Range |
| 13:09 | Build | Palisade Wall |
| 13:31 | Create | Villager (Male) |
| 13:49 | Build | Blacksmith |
| 13:52 | Build | Blacksmith |
| 14:02 | Build | Palisade Wall |
| 14:38 | Research | Castle Age |
| 14:56 | Build | Farm |
| 14:59 | Create | Archer |
| 14:59 | Create | Archer |
| 15:19 | Build | House |
| 15:30 | Build | Palisade Wall |
| 15:40 | Build | Archery Range |
| 15:48 | Build | Palisade Wall |
| 15:50 | Create | Spearman |
| 15:56 | Create | Archer |
| 16:06 | Create | Archer |
| 16:23 | Create | Villager (Male) |
| 16:34 | Build | Farm |
| 16:35 | Create | Archer |
| 16:50 | Research | Fletching |
| 17:07 | Create | Archer |
| 17:12 | Create | Archer |
| 17:18 | Age | Castle Age |
| 17:46 | Research | Crossbowman (upgrade) |
| 18:07 | Create | Archer |
| 18:19 | Build | Farm |
| 18:20 | Create | Archer |
| 18:22 | Build | Farm |
| 18:32 | Build | Farm |
| 19:04 | Create | Archer |
| 19:04 | Create | Archer |
| 19:10 | Build | Palisade Wall |
| 19:12 | Research | Double-Bit Axe |
| 19:25 | Create | Archer |
| 19:26 | Create | Villager (Male) |
| 19:28 | Create | Archer |
| 19:52 | Create | Spearman |
| 19:54 | Build | Palisade Wall |
| 20:23 | Create | Villager (Male) |
| 20:24 | Create | Archer |
| 20:38 | Create | Villager (Male) |
| 20:59 | Research | Bodkin Arrow |
| 21:08 | Create | Archer |
| 21:23 | Create | Villager (Male) |
| 21:45 | Create | Archer |
| 21:52 | Create | Archer |
| 22:03 | Create | Archer |
| 22:12 | Research | Padded Archer Armor |
| 22:16 | Build | House |
| 22:23 | Build | House |
| 22:25 | Build | Palisade Wall |
| 22:30 | Create | Archer |
| 22:43 | Build | Lumber Camp |
| 22:50 | Build | Palisade Wall |
| 23:02 | Create | Spearman |
| 23:06 | Create | Villager (Male) |
| 23:17 | Create | Archer |
| 23:17 | Create | Archer |
| 23:24 | Create | Villager (Male) |
| 23:29 | Build | Palisade Wall |
| 23:46 | Build | Palisade Wall |
| 23:53 | Create | Archer |
| 24:02 | Build | House |
| 24:08 | Build | House |
| 24:11 | Create | Spearman |
| 24:24 | Create | Spearman |
| 24:26 | Create | Archer |
| 24:34 | Create | Archer |
| 24:36 | Build | Stone Wall |
| 25:05 | Create | Archer |
| 25:31 | Create | Archer |
| 25:38 | Create | Archer |
| 25:43 | Research | Bow Saw |
| 25:51 | Create | Villager (Male) |
| 26:02 | Create | Archer |
| 26:27 | Build | Lumber Camp |
| 26:32 | Create | Archer |
| 27:11 | Create | Archer |
| 27:17 | Create | Archer |
| 27:29 | Build | Palisade Wall |
| 27:30 | Build | Palisade Wall |
| 27:34 | Create | Archer |
| 27:43 | Build | Market |
| 27:54 | Create | Archer |
| 27:54 | Create | Archer |
| 28:34 | Build | Stone Wall |
| 28:51 | Build | Mining Camp |
| 28:53 | Create | Archer |
| 28:53 | Create | Archer |
| 28:53 | Create | Archer |
Match timeline
| 4:46 | Fakedos · first_building Barracks |
| 5:21 | [DGLOS] DyouDi · first_building Barracks |
| 8:15 | [DGLOS] DyouDi · wall_segment Palisade Wall x1 |
| 8:26 | [DGLOS] DyouDi · wall_segment Palisade Wall x1 |
| 9:11 | Fakedos · wall_segment Palisade Wall x1 |
| 9:15 | Fakedos · wall_segment Palisade Wall x1 |
| 9:17 | Fakedos · wall_segment Palisade Wall x1 |
| 9:19 | Fakedos · wall_segment Palisade Wall x1 |
| 9:21 | Fakedos · wall_segment Palisade Wall x1 |
| 9:24 | Fakedos · wall_segment Palisade Wall x1 |
| 9:25 | Fakedos · wall_segment Palisade Wall x1 |
| 10:10 | [DGLOS] DyouDi · wall_segment Palisade Wall x2 |
| 10:55 | Fakedos · wall_segment Palisade Wall x1 |
| 10:55 | [DGLOS] DyouDi · age_up feudal |
| 10:59 | [DGLOS] DyouDi · first_building Stable |
| 11:06 | Fakedos · wall_segment Palisade Wall x1 |
| 11:07 | Fakedos · wall_segment Palisade Wall x1 |
| 11:08 | Fakedos · wall_segment Palisade Wall x1 |
| 11:08 | Fakedos · wall_segment Palisade Wall x1 |
| 11:09 | Fakedos · wall_segment Palisade Wall x1 |
| 11:32 | [DGLOS] DyouDi · wall_segment Palisade Wall x1 |
| 12:35 | Fakedos · age_up feudal |
| 13:01 | Fakedos · first_building Archery Range |
| 13:09 | Fakedos · wall_segment Palisade Wall x1 |
| 14:02 | Fakedos · wall_segment Palisade Wall x1 |
| 14:51 | [DGLOS] DyouDi · wall_segment Palisade Wall x1 |
| 14:53 | [DGLOS] DyouDi · wall_segment Palisade Wall x15 |
| 15:08 | [DGLOS] DyouDi · wall_segment Palisade Wall x5 |
| 15:10 | [DGLOS] DyouDi · wall_segment Palisade Wall x17 |
| 15:30 | Fakedos · wall_segment Palisade Wall x1 |
| 15:48 | Fakedos · wall_segment Palisade Wall x1 |
| 15:56 | [DGLOS] DyouDi · wall_segment Palisade Wall x6 |
| 16:08 | [DGLOS] DyouDi · wall_segment Palisade Wall x6 |
| 16:18 | [DGLOS] DyouDi · wall_segment Palisade Wall x6 |
| 17:18 | Fakedos · age_up castle |
| 18:36 | [DGLOS] DyouDi · first_market_sell 100 food |
| 18:41 | [DGLOS] DyouDi · first_market_buy 100 food |
| 19:10 | Fakedos · wall_segment Palisade Wall x1 |
| 19:54 | Fakedos · wall_segment Palisade Wall x1 |
| 22:25 | Fakedos · wall_segment Palisade Wall x1 |
| 22:50 | Fakedos · wall_segment Palisade Wall x3 |
| 23:29 | Fakedos · wall_segment Palisade Wall x1 |
| 23:46 | Fakedos · wall_segment Palisade Wall x1 |
| 24:36 | Fakedos · wall_segment Stone Wall x1 |
| 27:29 | Fakedos · wall_segment Palisade Wall x1 |
| 27:30 | Fakedos · wall_segment Palisade Wall x1 |
| 28:34 | Fakedos · wall_segment Stone Wall x1 |
| 29:34 | Fakedos · first_market_sell 100 food |
| 30:00 | Fakedos · first_market_buy 100 food |
| 30:38 | [DGLOS] DyouDi · age_up castle |
| 31:16 | Fakedos · wall_segment Palisade Wall x1 |
| 31:17 | Fakedos · wall_segment Palisade Wall x1 |
| 31:43 | Fakedos · wall_segment Palisade Wall x1 |
| 32:00 | Fakedos · wall_segment Stone Wall x1 |
| 32:02 | Fakedos · wall_segment Stone Wall x1 |
| 32:08 | [DGLOS] DyouDi · first_building Siege Workshop |
| 32:17 | Fakedos · resign |
[ AI ANALYSIS · 1 CREDIT ]
What really happened in this match?
Wolo.gg analyzes every decision: build order, eco, micro, common mistakes by bracket. Personalized analysis on WhatsApp or Discord in 30 seconds.
Civ guide
Magyars
Perfil
Jugador #626567